 Dungeon Crawl Stone Soup version 0.27.0-66-gdc8fb28755 (webtiles) character file.

Game seed: 1207774330893497304

832 Malachi the Magician (level 8, 0/54 HPs)
             Began as a Djinni Ice Elementalist on Aug 20, 2021.
             Slain by a gnoll sergeant (8 damage)
             ... on level 5 of the Dungeon.
             The game lasted 00:10:28 (9537 turns).

Malachi the Magician (Djinni Ice Elementalist)      Turns: 9537, Time: 00:10:28

Health: 0/54       AC:  2    Str:  7    XL:     8   Next: 18%
Gold:   173        EV: 12    Int: 19    God:
                   SH:  0    Dex: 14

rFire    + + .     SeeInvis .   b - +0 short sword
rCold    x . .     Faith    .   (no shield)
rNeg     . . .     Spirit   .   a - +0 robe
rPois    ∞         Reflect  .   (no helmet)
rElec    .         Harm     .   (no cloak)
rCorr    .         Rampage  .   (no gloves)
Will     +....                  (boots unavailable)
Stlth    ++........             (no amulet)
HPRegen  0.18/turn              r - ring of willpower
MPRegen  0.00/turn              (no ring)

@: freezing walls, flying
A: sickness immunity, fire resistance 2, cold vulnerability 1, float, innate
caster, hp casting, extra vitality 1
a: no special abilities


You were on level 5 of the Dungeon.
You visited 1 branch of the dungeon, and saw 5 of its levels.
You also visited: Sewer.

You collected 173 gold pieces.

Inventory:

Hand Weapons
 b - a +0 short sword (weapon)
 o - a +2 great sword of draining
Missiles
 u - 2 throwing nets
Armour
 a - a +0 robe (worn)
Magical Staves
 c - a staff of poison
Jewellery
 r - a ring of willpower (left hand)
Scrolls
 d - 3 scrolls of teleportation
 f - a scroll of torment {unknown}
 g - 2 scrolls of blinking {unknown}
 j - a scroll of fog
 l - a scroll of enchant armour {unknown}
 m - 2 scrolls of fear {unknown}
 p - a scroll of enchant weapon {unknown}
 q - a scroll of identify
Potions
 e - 2 potions of flight
 h - 2 potions of cancellation
 i - 2 potions of curing
 k - 2 potions of might {unknown}
 n - 3 potions of invisibility {unknown}
 s - a potion of heal wounds {unknown}
 t - a potion of ambrosia {unknown}


   Skills:
 * Level 2.1 Fighting
 - Level 2.1 Dodging
 - Level 1.5 Stealth
 - Level 7.2 Spellcasting


You had 4 spell levels left.
You knew the following spells:

 Your Spells              Type           Power      Damage    Failure   Level
a - Freeze                Ice            100%       1d11      1%          1
b - Frozen Ramparts       Ice            68%        1d8       1%          3
c - Ozocubu's Armour      Ice            34%        N/A       1%          3
d - Hailstorm             Conj/Ice       34%        3d9       4%          4
e - Corona                Hex            37%        N/A       1%          1
f - Call Imp              Summ           34%        N/A       1%          2
g - Stone Arrow           Conj/Erth      68%        3d11      1%          3
Your spell library was empty.

Dungeon Overview and Level Annotations

Branches:
Dungeon (5/15)              Sewer (visited)
 Temple: D:4-7

Altars:
Vehumet

Shops:
D:4 (

Annotations:
D:4 exclusions: Menkaure and statue


Innate Abilities, Weirdness & Mutations

You are immune to sickness and miasma.
You are immune to poison.
Your flesh is very heat resistant. (rF++)
You are vulnerable to cold. (rC-)
You float through the air rather than walking.
You learn spells naturally, not from books.
Your magical power is your life essence.
You have superior vitality. (+4 HP)


Message History

The wall freezes the wolf.
The wolf closely misses you.
Unknown command.
Casting: Frozen Ramparts (safe; 1% risk of failure)
Confirm with . or Enter, or press ? or * to list all spells.
Aiming: Stone Arrow (safe; 1% risk of failure)
Press: ? - help, Shift-Dir - straight line, f - wolf
Aim: a wolf (lightly wounded, 57% to hit)
The stone arrow hits the wolf!
The wolf is severely wounded.
The gnoll sergeant shouts!
The wall freezes the wolf.
The wolf bites you!
Casting: Stone Arrow (safe; 1% risk of failure)
Confirm with . or Enter, or press ? or * to list all spells.
Aiming: Stone Arrow (safe; 1% risk of failure)
Press: ? - help, Shift-Dir - straight line, f/p - wolf
Aim: a wolf (almost dead, 57% to hit)
The stone arrow hits the wolf!
You kill the wolf!
Your Fighting skill gained 2 levels and is now at level 2!
Unknown command.
Casting: Stone Arrow (safe; 1% risk of failure)
Confirm with . or Enter, or press ? or * to list all spells.
Aiming: Stone Arrow (safe; 1% risk of failure)
Press: ? - help, Shift-Dir - straight line, f - gnoll sergeant
Aim: a gnoll sergeant, wielding a +2 spear of freezing and wearing a +0 ring mail (81% to hit)
The stone arrow hits the gnoll sergeant!
The gnoll sergeant is heavily wounded.
The gnoll sergeant hits you from afar with a +2 spear of freezing!
The gnoll sergeant freezes you!
* * * LOW HITPOINT WARNING * * *
Casting: Stone Arrow (safe; 1% risk of failure)
Confirm with . or Enter, or press ? or * to list all spells.
Aiming: Stone Arrow (safe; 1% risk of failure)
Press: ? - help, Shift-Dir - straight line, f/p - gnoll sergeant
Aim: a gnoll sergeant, wielding a +2 spear of freezing and wearing a +0 ring mail (heavily wounded, 81% to hit)
The stone arrow hits the gnoll sergeant!
The gnoll sergeant is almost dead.
* * * LOW HITPOINT WARNING * * *
The gnoll sergeant hits you from afar with a +2 spear of freezing!
You die...

###.............
##.....#####.....
#.....#######....
#....## #...##..
##..#.# +...# ..
#.....####...#
.......#...##..g..#
+#####.#...##⌠†...#
.
#......###@'##....
#..##..)).........
##................
#.................
##................
###.....##.......
##..... .......
##..##..##.... ##..
... ....


You could see a gnoll sergeant.

Vanquished Creatures
  Menkaure (D:4)
  A water moccasin (D:5)
  Purgy (Sewer)
  A wolf (D:5)
  A gnoll sergeant (D:5)
  A hound (D:5)
  An orc wizard (D:5)
  A killer bee zombie (D:5)
  5 gnolls
  8 adders
  An adder zombie (D:5)
  A worm (D:3)
  4 orcs
  4 endoplasms
  3 giant cockroaches
  5 hobgoblins
  18 jackals
  3 quokkas (D:4)
  7 ball pythons
  2 bats
  A frilled lizard (D:3)
  3 goblins
  8 kobolds
  3 rats
84 creatures vanquished.

Vanquished Creatures (collateral kills)
  A necrophage (D:4)
  A phantom (D:4)
2 creatures vanquished.

Grand Total: 86 creatures vanquished

Notes
Turn   | Place    | Note
-------+----------+-------------------------------------------
     0 | D:1      | Malachi the Djinni Ice Elementalist began the quest for the
                  | Orb.
     0 | D:1      | Reached XP level 1. HP: 15/15 MP: 0/0
   388 | D:1      | You are sucked into a shaft and drop 1 floor!
   419 | D:2      | Reached XP level 2. HP: 13/21 MP: 0/0
  1122 | D:2      | Reached XP level 3. HP: 23/25 MP: 0/0
  1122 | D:2      | Learned a level 1 spell: Corona
  1160 | D:2      | Reached skill level 4 in Spellcasting
  1629 | D:2      | Noticed a phantom
  2049 | D:1      | Reached XP level 4. HP: 29/31 MP: 0/0
  2180 | D:1      | Found a faded altar of an unknown god.
  4727 | D:3      | Reached XP level 5. HP: 20/35 MP: 0/0
  4727 | D:3      | Learned a level 2 spell: Call Imp
  5426 | D:4      | Noticed Menkaure
  5426 | D:4      | Noticed a necrophage
  5586 | D:4      | Found Lisa's Antique Weapon Boutique.
  5616 | D:4      | Noticed a charred statue
  5767 | D:4      | Found a glowing drain.
  5780 | Sewer    | Entered a sewer
  5875 | Sewer    | Noticed Purgy
  5884 | Sewer    | Killed Purgy
  5885 | Sewer    | Reached skill level 5 in Spellcasting
  5885 | Sewer    | Reached XP level 6. HP: 8/40 MP: 0/0
  6336 | D:4      | Killed a necrophage
  6848 | D:4      | Killed Menkaure
  6849 | D:4      | Reached skill level 6 in Spellcasting
  6849 | D:4      | Reached XP level 7. HP: 13/45 MP: 0/0
  6849 | D:4      | Learned a level 3 spell: Stone Arrow
  8117 | D:5      | Entered Level 5 of the Dungeon
  8117 | D:5      | Noticed a water moccasin
  8267 | D:5      | Killed a water moccasin
  8909 | D:5      | Reached skill level 7 in Spellcasting
  9018 | D:5      | Reached XP level 8. HP: 32/50 MP: 0/0
  9537 | D:5      | Slain by a gnoll sergeant

Illustrated notes

Levels and vault maps discovered:
D:1:      dpeg_arrival_rooms_c, layout_basic, ebering_ecumenical_altar_rust
D:2:      layout_rooms
D:3:      layout_basic, grunt_ministairs_6
D:4:      layout_loops_ring, vehumet_statue, serial_shops, kennysheep_mini_moat,
          portal_sewer_entry_a, minivault_25, minmay_misc_feat_columns,
          uniq_menkaure
D:5:      minmay_chambers_of_threes, layout_cave_pools,
          minmay_temple_entry_statues_pillars, serial_gnoll_camp,
          gnoll_camp_mini_house, gnoll_camp_mini_hut, gnoll_camp_mini_hut,
          gnoll_camp_mini_house

Skill      XL: |  1  2  3  4  5  6  7  8 |
---------------+-------------------------+-----
Spellcasting   | 4 5 6 7 |  7.2
Fighting       | 2 |  2.1
Dodging        | |  2.1
Stealth        | |  1.5

Action                   |  1- 3 |  4- 6 |  7- 9 || total
-------------------------+-------+-------+-------++-------
Melee: Unarmed           |     1 |       |       ||     1
       Short sword       |       |    20 |     8 ||    28
 Cast: Freeze            |    36 |    28 |    12 ||    76
       Frozen Ramparts   |     2 |    11 |     6 ||    19
       Call Imp          |       |     5 |       ||     5
       Stone Arrow       |       |       |    20 ||    20
Evoke: Wand              |       |     6 |       ||     6
  Use: Scroll            |       |     7 |       ||     7
 Stab: Sleeping          |       |     1 |       ||     1
       Paralysed         |       |    10 |       ||    10
Armor: Robe              |     4 |    10 |     5 ||    19
Dodge: Dodged            |    29 |    28 |    17 ||    74
